 Dungeon Crawl Stone Soup version 0.17.1-3-g152610e (webtiles) character file.

3623 macross the Unseen (level 9, -2/43 HPs)
             Began as a Spriggan Assassin on Apr 22, 2016.
             Was a Believer of Dithmenos.
             Slain by a porcupine (8 damage)
             ... on level 10 of the Dungeon.
             The game lasted 00:28:41 (8785 turns).

macross the Unseen (Spriggan Assassin)              Turns: 8785, Time: 00:28:41

Health: -2/43      AC:  5    Str:  7    XL:     9   Next: 87%
Magic:  10/10      EV: 27    Int: 13    God:    Dithmenos [**....]
Gold:   278        SH:  0    Dex: 20    Spells: 0 memorised, 8 levels left

rFire  . . .     SeeInvis +     x - +5 dagger (venom)
rCold  . . .     Clarity  .     B - +1 robe "Fucvinoc" {Stlth+}
rNeg   . . .     SustAt   .     (shield restricted)
rPois  .         Gourm    .     (helmet restricted)
rElec  .         Spirit   .     y - +1 cloak
rCorr  .         Warding  .     (gloves unavailable)
rMut   .         Stasis   .     (boots unavailable)
MR     +....                    (no amulet)
Stlth  ++++++++++               (no ring)
                                q - ring of flight

@: wreathed by umbra, very quick, somewhat resistant to hostile enchantments,
uncannily stealthy
A: unfitting armour, see invisible, herbivore 3, speed 3, slow metabolism 2
a: Shadow Step, Renounce Religion, Evoke Flight


You were on level 10 of the Dungeon.
You worshipped Dithmenos.
Dithmenos was pleased with you.
You were not hungry.

You visited 1 branch of the dungeon, and saw 10 of its levels.

You collected 454 gold pieces.
You spent 176 gold pieces at shops.

Inventory:

Hand Weapons
 a - a +2 dagger
 b - a +0 blowgun
 i - a +2 dagger of venom
 m - a +0 dagger of venom
 v - a +0 vampiric dagger
 x - a +5 dagger of venom (weapon)
 L - the cursed +1 hand axe of Weodoc {venom, rPois Str+3 Int+4, unknown}
   (You found it on level 7 of the Dungeon)

   It poisons the flesh of those it strikes.
   It affects your strength (+3).
   It affects your intelligence (+4).
   It protects you from poison.
   It has a curse placed upon it.
Missiles
 e - 36 poisoned needles
 f - 2 curare-tipped needles
Armour
 c - a +0 robe
 d - a +0 cloak
 y - a +1 cloak (worn)
 B - the +1 robe "Fucvinoc" (worn) {Stlth+}
   (You bought it in a shop on level 5 of the Dungeon)

   It makes you more stealthy.
Jewellery
 q - a ring of flight (left hand)
 H - an uncursed ring of protection from magic {unknown}
 J - an uncursed amulet of inaccuracy
 O - an uncursed ring of protection from magic {unknown}
Wands
 k - a wand of cold (8)
 s - a wand of draining (10)
 t - a wand of hasting (6)
 K - a wand of digging (9)
Scrolls
 j - a scroll of noise
 l - a scroll of random uselessness {unknown}
 n - a scroll of teleportation
 r - a scroll of enchant armour
 A - 2 scrolls of remove curse
 C - 2 scrolls of magic mapping
 G - 4 scrolls of identify
 P - a scroll of immolation {unknown}
 Q - a scroll of recharging {unknown}
Potions
 h - a potion of brilliance {unknown}
 o - a potion of magic
 p - a potion of resistance {unknown}
 u - 2 potions of ambrosia
 w - 2 potions of haste {unknown}
 D - 3 potions of poison {unknown}
 E - 4 potions of might {unknown}
 F - a potion of degeneration {unknown}
 I - a potion of curing {unknown}
 M - a potion of lignification {unknown}
 N - a potion of invisibility {unknown}
Comestibles
 g - 3 bread rations
 z - 2 royal jellies


   Skills:
 + Level 2.5 Fighting
 * Level 5.9 Short Blades
 - Level 2.0 Throwing
 * Level 10.0 Dodging
 * Level 16.4 Stealth
 + Level 1.3 Invocations


You had 8 spell levels left.
You didn't know any spells.

Dungeon Overview and Level Annotations

Branches:
Dungeon (10/15)            Temple (0/1) D:5            Lair (0/8) D:10
    Orc: D:9-12

Altars:
Ashenzari
Dithmenos
Nemelex Xobeh
Sif Muna
Trog
Yredelemnul
Zin
The Shining One

Shops:
D:4 :   D:5 *

Annotations:
D:4 Menkaure
D:5 manyhoops's ghost, novice DEEE
D:8 ThereIsNoGod's ghost, novice SpEn


Innate Abilities, Weirdness & Mutations

You are tiny and cannot use many weapons and most armour.
You have supernaturally acute eyesight.
You are a herbivore.
You cover ground extremely quickly.
You need consume almost no food.


Message History

The crocodile misses you.
The orc priest miscasts a cantrip.
The porcupine barely misses you.
The orc priest looks braver for a moment.
You kill the orc priest!
Dithmenos accepts your kill.
You closely miss the porcupine. The porcupine bites you.
You hit the porcupine.
The porcupine is heavily wounded.
The porcupine closely misses you.
You hit the porcupine.
The porcupine is severely wounded.
The porcupine completely misses you.
Found 9 poisoned needles.
You are struck by the porcupine's spines.
* * * LOW HITPOINT WARNING * * *
You hit the porcupine.
The porcupine is poisoned.
The porcupine is severely wounded.
The porcupine bites you!
You die...

#.................####
#........)........# #
#...r.............# #
#.................####
#.#####....####.......
#.# #....# #.....tr
#.# #....# #...####
#.#####....# #...#
#..tr@.....# #...#
#..........# #...#
#.#####....# #.... .
#.# ...... .... .. #.#
.......... .. ###
....( .... ....


You could see a crocodile and a porcupine.

Vanquished Creatures
  A centaur warrior (D:9)
  The ghost of manyhoops the Thaumaturge, a novice DEEE (D:7)
  Prince Ribbit (D:6)
  A hungry ghost (D:7)
  A hippogriff (D:4)
  3 porcupines (D:10)
  An ice beast (D:8)
  An eye of draining (D:9)
  A black bear (D:7)
  2 centaurs
  2 ogres
  A crocodile (D:10)
  2 giant frogs
  A big kobold (D:9)
  2 wyvern skeletons
  2 crimson imps
  2 hounds (D:9)
  A centaur skeleton (D:9)
  2 giant frog skeletons (D:4)
  3 orc wizards
  2 orc priests
  An iguana (D:6)
  4 worker ants
  A killer bee zombie (D:6)
  15 gnolls
  16 adders
  2 worms
  A giant gecko (D:3)
  16 orcs
  A ball python (D:4)
  3 giant cockroaches
  4 hobgoblins
  7 kobolds
  2 quokkas (D:4)
  5 bats (D:3)
  5 giant newts
  9 goblins
  14 jackals
  A quokka skeleton (D:7)
  A quokka zombie (D:6)
  8 rats
149 creatures vanquished.

Vanquished Creatures (others)
  A plant (D:10)
1 creature vanquished.

Grand Total: 150 creatures vanquished

Notes
Turn   | Place    | Note
--------------------------------------------------------------
     0 | D:1      | macross the Spriggan Assassin began the quest for the Orb.
     0 | D:1      | Reached XP level 1. HP: 10/10 MP: 2/2
    47 | D:1      | Reached skill level 6 in Stealth
   323 | D:1      | Reached XP level 2. HP: 14/14 MP: 3/3
   606 | D:2      | Found a faded altar to an unknown god.
   610 | D:2      | Reached skill level 7 in Stealth
   666 | D:2      | Reached XP level 3. HP: 14/18 MP: 4/4
   731 | D:3      | Reached skill level 8 in Stealth
   731 | D:3      | Reached XP level 4. HP: 21/23 MP: 5/5
   845 | D:4      | Noticed Menkaure
   861 | D:4      | Noticed a hippogriff
   866 | D:4      | Killed a hippogriff
   866 | D:4      | Reached skill level 9 in Stealth
   866 | D:4      | Reached XP level 5. HP: 26/26 MP: 6/6
  1012 | D:3      | Found a shadowy altar of Dithmenos.
  1111 | D:4      | Reached skill level 10 in Stealth
  1148 | D:4      | Reached XP level 6. HP: 24/30 MP: 7/7
  1330 | D:4      | Noticed an ogre
  1388 | D:3      | Became a worshipper of Dithmenos the Shadowed
  1423 | D:4      | Found Bociav's Book Shop.
  1891 | D:4      | Killed an ogre
  2447 | D:2      | Found a basalt altar of Yredelemnul.
  2705 | D:2      | Reached XP level 7. HP: 22/34 MP: 8/8
  2714 | D:2      | Found a deep blue altar of Sif Muna.
  2750 | D:2      | Reached skill level 5 in Dodging
  2911 | D:2      | Reached * piety under Dithmenos
  3116 | D:2      | Reached skill level 11 in Stealth
  3735 | D:5      | Entered Level 5 of the Dungeon
  3745 | D:5      | Reached ** piety under Dithmenos
  3771 | D:6      | Noticed Prince Ribbit
  3876 | D:5      | Found a staircase to the Ecumenical Temple.
  3887 | D:5      | Found Lagoerphutho's Assorted Antiques.
  3891 | D:5      | Bought a faintly humming robe for 176 gold pieces
  3901 | D:5      | Identified the +1 robe "Fucvinoc" {Stlth+} (You bought it in a shop on level 5 of the Dungeon)
  3927 | D:5      | Found a shattered altar of Ashenzari.
  4001 | D:5      | Noticed manyhoops's ghost (novice DEEE)
  4979 | D:6      | Killed Prince Ribbit
  4979 | D:6      | Reached skill level 12 in Stealth
  5322 | D:6      | Found a sparkling altar of Nemelex Xobeh.
  5322 | D:6      | Found a glowing golden altar of the Shining One.
  5377 | D:6      | Reached XP level 8. HP: 39/39 MP: 9/9
  6123 | D:7      | Reached skill level 13 in Stealth
  6145 | D:7      | Got a bloodstained hand axe
  6635 | D:7      | Killed manyhoops's ghost
  6635 | D:7      | Reached skill level 5 in Short Blades
  6635 | D:7      | Reached skill level 14 in Stealth
  6832 | D:8      | Noticed ThereIsNoGod's ghost (novice SpEn)
  7059 | D:8      | Reached XP level 9. HP: 42/42 MP: 5/10
  7122 | D:8      | Found a sparkling altar of Nemelex Xobeh.
  7559 | D:9      | Reached skill level 15 in Stealth
  7770 | D:9      | Found a glowing silver altar of Zin.
  7828 | D:9      | Reached skill level 1 in Invocations
  7957 | D:9      | Noticed a centaur warrior
  8044 | D:9      | Found a bloodstained altar of Trog.
  8073 | D:9      | Killed a centaur warrior
  8338 | D:9      | You fall through a shaft!
  8338 | D:10     | Entered Level 10 of the Dungeon
  8339 | D:10     | Found a staircase to the Lair.
  8375 | D:10     | Reached skill level 16 in Stealth
  8751 | D:10     | Reached skill level 10 in Dodging
  8785 | D:10     | Slain by a porcupine

Action                   |  1- 3 |  4- 6 |  7- 9 || total
-------------------------+-------+-------+-------++-------
Melee: Dagger            |    37 |   117 |   249 ||   403
Invok: Shadow Step       |       |       |     4 ||     4
  Use: Scroll            |       |       |    15 ||    15
       Potion            |       |       |     1 ||     1
 Stab: Sleeping          |    13 |    15 |    44 ||    72
       Distracted        |       |       |     5 ||     5
  Eat: Bread ration      |       |       |     2 ||     2
       Fruit             |       |       |     6 ||     6
